 Dungeon Crawl Stone Soup version 0.18.1-48-g4cf74bf (webtiles) character file.

537 lorenzova the Vexing (level 7, -2/32 HPs)
             Began as a Spriggan Enchanter on Aug 1, 2016.
             Splashed by a jelly's acid (4 damage)
             ... on level 5 of the Dungeon.
             The game lasted 00:08:15 (4506 turns).

lorenzova the Vexing (Spriggan Enchanter)           Turns: 4506, Time: 00:08:15

Health: -2/32      AC: -1    Str:  5    XL:     7   Next: 5%
Magic:  4/17       EV: 18    Int: 17    God:
Gold:   241        SH:  0    Dex: 17    Spells: 4 memorised, 10 levels left

rFire  . . .     SeeInvis +     p - +1 rapier (venom)
rCold  . . .     Gourm    .     b - +1 robe
rNeg   + . .     Faith    .     (shield restricted)
rPois  .         Spirit   .     (helmet restricted)
rElec  .         Dismiss  .     (no cloak)
rCorr  .         Reflect  .     (gloves unavailable)
SustAt .         Harm     .     (boots unavailable)
MR     +....                    s - amulet of rage
Stlth  +++.......               o - ring of loudness (curse)
                                a - ring of positive energy

@: corroded, very quick, somewhat resistant to hostile enchantments, fairly
stealthy
A: unfitting armour, see invisible, herbivore 3, speed 3, slow metabolism 2
a: Evoke Berserk Rage


You were on level 5 of the Dungeon.
You were not hungry.

You visited 1 branch of the dungeon, and saw 5 of its levels.

You collected 315 gold pieces.
You spent 74 gold pieces at shops.

Inventory:

Hand Weapons
 h - a +1 dagger of protection
 p - a +1 rapier of venom (weapon)
Armour
 b - a +1 robe (worn)
Jewellery
 a - a ring of positive energy (left hand)
 o - a cursed ring of loudness (right hand)
 s - an amulet of rage (around neck)
Scrolls
 f - 3 scrolls of identify
 g - a scroll of recharging
 n - a scroll of fear
Potions
 j - a potion of degeneration
 k - a potion of curing {unknown}
 m - a potion of agility {unknown}
 q - a potion of lignification {unknown}
Books
 c - a book of Maledictions

   Spells                             Type                      Level
   a - Corona                         Hexes                        1
   b - Ensorcelled Hibernation        Hexes/Ice                    2
   c - Confuse                        Hexes                        3
   d - Tukima's Dance                 Hexes                        3
   e - Dazzling Spray                 Conjuration/Hexes            3
 r - a book of Minor Magic

   Spells                             Type                      Level
   a - Magic Dart                     Conjuration                  1
   b - Blink                          Translocation                2
   c - Call Imp                       Summoning                    2
   d - Repel Missiles                 Charms/Air                   2
   e - Slow                           Hexes                        2
   f - Conjure Flame                  Conjuration/Fire             3
   g - Mephitic Cloud                 Conjuration/Poison/Air       3
Comestibles
 d - 3 bread rations


   Skills:
 - Level 1.1 Short Blades
 - Level 3.0 Dodging
 + Level 6.5 Stealth
 * Level 6.3 Spellcasting
 * Level 6.7 Hexes


You had 10 spell levels left.
You knew the following spells:

 Your Spells              Type           Power        Failure   Level  Hunger
a - Corona                Hex            ####...      1%          1    None
b - Ensorcelled Hibernat  Hex/Ice        ###...       6%          2    None
c - Confuse               Hex            ####....     2%          3    ##.....
d - Repel Missiles        Chrm/Air       #.....       21%         2    None


Dungeon Overview and Level Annotations

Branches:
Dungeon (5/15)
 Temple: D:4-7

Altars:
Elyvilon
Qazlal
Sif Muna
The Shining One

Shops:
D:4 (


Innate Abilities, Weirdness & Mutations

You are tiny and cannot use many weapons and most armour.
You have supernaturally acute eyesight.
You are a herbivore.
You cover ground extremely quickly.
You need consume almost no food.


Message History

You barely miss the phantom.
The phantom is almost destroyed.
The phantom completely misses you.
You strike the helpless phantom from behind!
You puncture the phantom!
You destroy the phantom!
You have reached level 7!
Casting: Confuse
Confirm with . or Enter, or press ? or * to list all spells.
Aiming: Confuse
Press: ? - help, Shift-Dir - straight line, f - jelly
Aim: a jelly (chance to defeat MR: 66%)
The jelly appears confused.
You are too injured to fight recklessly!
You are too injured to fight recklessly!
You hit the jelly. The acid corrodes you!
Your hands burn!
* * * LOW HITPOINT WARNING * * *
The jelly is lightly wounded.
You hit the jelly.
Your hands burn!
You die...

#.......#
#.......#
#.......#
#.......##
#........##
..#.........#
.............##..
#.###.#...........
........@J..>...
#........?....##
#.............#
......)........#
..........####..
..........# #
#..........
.......#..


You could see a jelly (confused).

Vanquished Creatures
  A phantom (D:5)
  An ogre (D:4)
  A scorpion (D:4)
  A jelly (D:5)
  2 orc priests (D:3)
  Jessica (D:3)
  5 adders
  10 gnolls
  An ooze (D:3)
  3 worms
  3 dart slugs
  5 giant geckos
  3 orcs
  5 giant cockroaches
  9 goblins
  A hobgoblin (D:1)
  2 jackals (D:1)
  3 quokkas
  4 bats
  3 giant newts
  7 kobolds
  7 rats
78 creatures vanquished.

Notes
Turn   | Place    | Note
--------------------------------------------------------------
     0 | D:1      | lorenzova the Spriggan Enchanter began the quest for the Orb.
     0 | D:1      | Reached XP level 1. HP: 9/9 MP: 5/5
   204 | D:1      | Reached XP level 2. HP: 13/13 MP: 6/6
   208 | D:1      | Learned a level 2 spell: Ensorcelled Hibernation
   917 | D:2      | Reached XP level 3. HP: 16/16 MP: 9/9
   922 | D:2      | Learned a level 3 spell: Confuse
   924 | D:2      | Reached skill level 5 in Stealth
   946 | D:2      | Found a white marble altar of Elyvilon.
  1964 | D:3      | Reached XP level 4. HP: 5/21 MP: 6/11
  2286 | D:3      | Reached skill level 5 in Hexes
  2514 | D:3      | Reached XP level 5. HP: 24/24 MP: 8/12
  2566 | D:3      | Noticed Jessica
  2885 | D:3      | Killed Jessica
  2890 | D:3      | Found a deep blue altar of Sif Muna.
  3360 | D:4      | Found Xorov's Weapon Shop.
  3364 | D:4      | Reached skill level 5 in Spellcasting
  3442 | D:4      | Reached XP level 6. HP: 28/28 MP: 14/14
  3458 | D:4      | Bought a +0 rapier of venom for 74 gold pieces
  3635 | D:4      | Learned a level 2 spell: Repel Missiles
  3689 | D:4      | Found a glowing golden altar of the Shining One.
  4421 | D:4      | Noticed a fire elemental
  4423 | D:4      | Found a stormy altar of Qazlal.
  4424 | D:4      | Noticed an air elemental
  4424 | D:4      | Noticed a water elemental
  4448 | D:5      | Entered Level 5 of the Dungeon
  4499 | D:5      | Reached XP level 7. HP: 5/32 MP: 6/17
  4506 | D:5      | Splashed by a jelly's acid

Skill      XL: |  1  2  3  4  5  6 |
---------------+-------------------+-----
Hexes          | 4 5 6 |  6.7
Spellcasting   | 3 4 5 6 |  6.3
Stealth        | 5 6 |  6.5
Short Blades   | |  1.1
Dodging        | |  3.0

Action                   |  1- 3 |  4- 6 |  7- 9 || total
-------------------------+-------+-------+-------++-------
Melee: Dagger            |   136 |   122 |       ||   258
       Rapier            |       |    43 |     2 ||    45
 Cast: Corona            |     5 |       |       ||     5
       Ensorcelled Hiber |     5 |    17 |       ||    22
       Confuse           |     4 |    19 |     1 ||    24
  Use: Scroll            |       |     6 |       ||     6
 Stab: Sleeping          |    20 |    13 |       ||    33
       Confused          |       |    13 |       ||    13
  Eat: Bread ration      |       |     1 |       ||     1
Armor: Robe              |    16 |    24 |       ||    40
Dodge: Dodged            |   104 |   123 |       ||   227
